 Dungeon Crawl Stone Soup version 0.28-a0-1415-g7c84da036a (webtiles) character file.

Game seed: 7500876864012284212

170 zap2161 the Chopper (level 5, -6/47 HPs)
             Began as a Hill Orc Cinder Acolyte on Jan 7, 2022.
             Was a High Priest of Ignis.
             Mangled by an ogre (27 damage)
             ... on level 3 of the Dungeon.
             The game lasted 00:17:08 (1629 turns).

zap2161 the Chopper (Hill Orc Cinder Acolyte)       Turns: 1629, Time: 00:17:13

Health: -6/47      AC: 11    Str: 19    XL:     5   Next: 50%
Magic:  0/6        EV: 10    Int: 14    God:    Ignis [*****.]
Gold:   102        SH:  8    Dex:  6    Spells: 4/6 levels left

rFire   + . .      SeeInvis .   a - -1 hand axe (flame)
rCold   . . .      Faith    .   e - +0 buckler
rNeg    . . .      Spirit   .   k - +0 leather armour
rPois   .          Reflect  +   v - +0 helmet
rElec   .          Harm     .   (no cloak)
rCorr   .          Rampage  .   (no gloves)
Will    .....                   (no boots)
Stlth   +.........              p - amulet of reflection
HPRegen 0.15/turn               (no ring)
MPRegen 0.10/turn               (no ring)

@: fiery-armoured
A: no striking features
a: Renounce Religion, Fiery Armour, Foxfire Swarm, Rising Flame


You were on level 3 of the Dungeon.
You worshipped Ignis.
Ignis was extremely pleased with you.
You visited 1 branch of the dungeon, and saw 3 of its levels.

You collected 102 gold pieces.

Inventory:

Hand Weapons
 a - a -1 hand axe of flaming (weapon)
Missiles
 g - 15 bolts
 h - 53 arrows
 t - 12 poisoned darts (quivered)
Armour
 e - a +0 buckler (worn)
 i - a +0 robe
 k - a +0 leather armour (worn)
 s - an orb of energy
 v - a +0 helmet (worn)
Jewellery
 p - an amulet of reflection (around neck)
Scrolls
 c - a scroll of blinking {unknown}
 d - a scroll of fog {unknown}
 r - a scroll of enchant weapon {unknown}
 u - a scroll of teleportation {unknown}
Potions
 b - a potion of might {unknown}
 f - a potion of brilliance {unknown}
 j - 2 potions of degeneration {unknown}
 l - a potion of lignification
 m - 2 potions of haste {unknown}
 n - a potion of cancellation {unknown}
 o - a potion of heal wounds {unknown}
 q - 2 potions of curing {unknown}


   Skills:
 * Level 4.3 Fighting
 * Level 5.4 Axes
 * Level 1.5 Armour
 + Level 0.3 Dodging
 * Level 2.2 Shields
 - Level 1.0 Spellcasting
 * Level 4.1 Fire Magic


You had 4 spell levels left.
You knew the following spells:

 Your Spells              Type           Power      Damage    Failure   Level
a - Scorch                Fire           24%        2d6       11%         2

Your spell library contained the following spells:

 Spells                   Type           Power      Damage    Failure   Level


Dungeon Overview and Level Annotations

Branches:
Dungeon (3/15)

Altars:


Message History

Cleave: a) -1 hand axe (flame)
Press: ? - help, Dir - move target, f - goblin
Aim: a goblin, wielding a +0 dagger (about 50% to evade your -1 hand axe of flaming)
You closely miss the goblin.
Cleave: a) -1 hand axe (flame)
Press: ? - help, Dir - move target, f/p - goblin
Aim: a goblin, wielding a +0 dagger (about 50% to evade your -1 hand axe of flaming)
You slash the goblin! You burn the goblin.
You kill the goblin!
You hit the goblin. You burn the goblin. You block the goblin's attack.
Cleave: a) -1 hand axe (flame)
Press: ? - help, Dir - move target, f - goblin
Aim: a goblin, wielding a +2 dagger of venom (heavily wounded, about 50% to evade your -1 hand axe of flaming)
You barely miss the goblin.
The goblin is heavily wounded.
The goblin shoots a stone.
You reflect the stone off an invisible shield around you!
The stone hits the goblin!
You kill the goblin!
Cleave: a) -1 hand axe (flame)
Press: ? - help, Dir - move target, f/p - goblin
Aim: a goblin, wielding a +2 dagger of venom (heavily wounded, about 50% to evade your -1 hand axe of flaming)
You hit the goblin. You burn the goblin.
You kill the goblin!
You hit the ogre. You burn the ogre.
Casting: Scorch (safe; 11% risk of failure)
Confirm with . or Enter, or press ? or * to list all spells.
Flames lash the goblin.
You kill the goblin!
The ogre hits you with a +0 giant spiked club!
The ogre is burned by your cloak of flames.
The ogre is moderately wounded.
Casting: Scorch (safe; 11% risk of failure)
Confirm with . or Enter, or press ? or * to list all spells.
Flames lash the ogre.
The ogre is heavily wounded.
The ogre's fire resistance burns away.
The ogre hits you with a +0 giant spiked club!!
Ouch! That really hurt!
You die...

#.. ##### #.. # #...#
#.. ..###########...#
#.. ..........##...#
#.. .........##...#
#.. ### #......##...#
#..
#...#).....##)..####..
#.))O@.....[')..'..'..
#.(.#).....##...####..
### #......##...# #..
.........##...# ##..
..........+..........
...........###########
...........#
...........#


You could see an ogre (combustible).

Vanquished Creatures
  A necrophage (D:3)
  Robin (D:3)
  2 adders (D:2)
  2 dart slugs
  6 endoplasms
  2 hobgoblins
  3 quokkas
  4 ball pythons
  2 bats
  2 frilled lizards
  20 goblins
  4 kobolds
  6 rats
55 creatures vanquished.

Notes
Turn   | Place    | Note
-------+----------+-------------------------------------------
     0 | D:1      | zap2161 the Hill Orc Cinder Acolyte began the quest for the
                  | Orb.
     0 | D:1      | Reached XP level 1. HP: 19/19 MP: 2/2
   284 | D:1      | Reached XP level 2. HP: 19/27 MP: 3/3
   301 | D:1      | Learned a level 2 spell: Scorch
   857 | D:1      | You fall into a shaft and drop 1 floor!
   884 | D:2      | Found a faded altar of an unknown god.
  1025 | D:2      | Reached XP level 3. HP: 28/33 MP: 1/4
  1194 | D:2      | Reached skill level 5 in Axes
  1236 | D:2      | Reached skill level 1 in Armour
  1398 | D:3      | Noticed a necrophage
  1416 | D:3      | Killed a necrophage
  1417 | D:3      | Reached skill level 1 in Shields
  1417 | D:3      | Reached XP level 4. HP: 21/40 MP: 0/5
  1417 | D:3      | Reached XP level 5. HP: 24/46 MP: 0/6
  1524 | D:3      | Noticed Robin
  1538 | D:3      | Killed Robin
  1617 | D:3      | Noticed an ogre
  1629 | D:3      | Mangled by an ogre

Illustrated notes

Levels and vault maps discovered:
D:1:      nzn_arrival_crosshair, layout_basic, hex_intersection, minmay_bisected
D:2:      layout_basic, ebering_ecumenical_altar_webs
D:3:      layout_basic, grunt_temple_overflow_forces_of_nature,
          minmay_ogre_servants, uniq_ijyb, uniq_crazy_yiuf_cottage, uniq_robin,
          uniq_sigmund, uniq_jessica

Skill      XL: |  1  2  3  4  5 |
---------------+----------------+-----
Fighting       | 4 |  4.3
Axes           | 5 |  5.4
Armour         | 1 |  1.5
Shields        | 1 2 |  2.2
Fire Magic     | 4 |  4.1
Dodging        | |  0.3
Spellcasting   | |  1.0

Action                   |  1- 3 |  4- 6 || total
-------------------------+-------+-------++-------
Melee: Hand axe          |    65 |    37 ||   102
 Cast: Scorch            |    12 |     7 ||    19
Invok: Fiery Armour      |       |     2 ||     2
  Use: Potion            |       |     1 ||     1
Armor: Robe              |     5 |       ||     5
       Leather armour    |     7 |     9 ||    16
Dodge: Dodged            |    37 |     4 ||    41
Block: Buckler           |    13 |    18 ||    31
       Reflection        |       |     4 ||     4

Table legend: (Time is in decaauts)
 A = Elapsed time spent in this place.
 B = Non-inter-level travel time spent in this place.
 C = Inter-level travel time spent in this place.
 D = Time resting spent in this place.
 E = Time spent auto-exploring this place.
 F = Levels seen in this place.
 G = Mean time per level.
                   A        B        C        D        E       F      G
               +--------+--------+--------+--------+--------+-----+--------+
         Total |   1639 |   1639 |      0 |      0 |      0 |   3 |  546.3 |
       Dungeon |   1639 |   1639 |      0 |      0 |      0 |   3 |  546.3 |
               +--------+--------+--------+--------+--------+-----+--------+

Top non-repeatable levels by time:
     D:1: 860 daAuts
     D:2: 457 daAuts
     D:3: 321 daAuts
